 Dungeon Crawl Stone Soup version 0.20-a0-277-g7db01f4 (webtiles) character file.

66 FitzyFitz the Digger (level 4, -1/21 HPs)
             Began as a Vine Stalker Earth Elementalist on Dec 11, 2016.
             Slain by Crazy Yiuf
             ... wielding a +4 quarterstaff of chaos
              (10 damage)
             ... on level 2 of the Dungeon.
             The game lasted 00:04:24 (1882 turns).

FitzyFitz the Digger (VSEE)                         Turns: 1882, Time: 00:04:24

Health: -1/21      AC:  5    Str: 11    XL:     4   Next: 15%
Magic:  0/8        EV: 12    Int: 16    God:
Gold:   37         SH:  0    Dex: 14    Spells: 2/7 levels left

rFire  . . .     SeeInvis +     b - 66 stones
rCold  . . .     Gourm    .     c - +0 robe
rNeg   . . .     Faith    .     (no shield)
rPois  .         Spirit   +     k - +2 hat {SInv}
rElec  .         Reflect  .     (no cloak)
rCorr  .         Harm     .     (no gloves)
MR     .....                    l - +0 pair of boots
Stlth  ++........               (no amulet)
                                (no ring)
                                (no ring)

@: no status effects
A: fangs 2, regeneration 1, magic shield, antimagic bite, no device heal 3, rot
immunity
a: no special abilities


You were on level 2 of the Dungeon.
You were not hungry.

You visited 1 branch of the dungeon, and saw 2 of its levels.

You collected 37 gold pieces.

Inventory:

Hand Weapons
 a - a +1 dagger of venom
Missiles
 b - 66 stones (in hand)
Armour
 c - a +0 robe (worn)
 k - a +2 hat of see invisible (worn)
 l - a +0 pair of boots (worn)
Jewellery
 s - an uncursed ring of fire
Scrolls
 f - a scroll of enchant armour {unknown}
 g - 3 scrolls of remove curse {unknown}
 i - a scroll of blinking {unknown}
 j - 2 scrolls of random uselessness {unknown}
 m - a scroll of teleportation {unknown}
 o - 3 scrolls of enchant weapon {unknown}
 t - 3 scrolls of magic mapping {unknown}
Potions
 h - a potion of brilliance {unknown}
 n - a potion of curing {unknown}
 r - a potion of heal wounds {unknown}
Books
 e - a book of Geomancy

   Spells                             Type                      Level
   a - Sandblast                      Earth                        1
   b - Passwall                       Transmutation/Earth          2
   c - Stone Arrow                    Conjuration/Earth            3
   d - Petrify                        Transmutation/Earth          4
   e - Lee's Rapid Deconstruction     Earth                        5
Comestibles
 d - a bread ration
 p - 2 meat rations
 q - 2 chunks of flesh


   Skills:
 + Level 1.1 Short Blades
 - Level 1.5 Dodging
 + Level 3.0 Stealth
 - Level 2.1 Spellcasting
 + Level 1.1 Transmutations
 + Level 4.3 Earth Magic


You had 2 spell levels left.
You knew the following spells:

 Your Spells              Type           Power        Failure   Level  Hunger
a - Sandblast             Erth           ###...       4%          1    #......
b - Petrify               Tmut/Erth      ##......     75%         4    #####..


Dungeon Overview and Level Annotations

Branches:
Dungeon (2/15)

Altars:
Ru
Uskayaw

Annotations:
D:2 Crazy Yiuf


Innate Abilities, Weirdness & Mutations

You have extremely sharp teeth.
Your natural rate of healing is unusually fast.
When hurt, damage is shared between your health and your magic reserves.
Your bite disrupts and absorbs the magic of your enemies.
Potions and wands cannot restore your health.
You are immune to rotting.


Message History

Press: ? - help, Shift-Dir - straight line, f/p - Crazy Yiuf
Aim: Crazy Yiuf, wielding a quarterstaff of chaos and wearing a cloak (severely wounded)
The rocky blast misses Crazy Yiuf.
Crazy Yiuf hits you with a quarterstaff of chaos.
Casting: Sandblast
Confirm with . or Enter, or press ? or * to list all spells.
Aiming: Sandblast
Press: ? - help, Shift-Dir - straight line, f/p - Crazy Yiuf
Aim: Crazy Yiuf, wielding a quarterstaff of chaos and wearing a cloak (severely wounded)
The rocky blast hits Crazy Yiuf.
Crazy Yiuf is almost dead.
Crazy Yiuf closely misses you.
Casting: Sandblast
Confirm with . or Enter, or press ? or * to list all spells.
Aiming: Sandblast
Press: ? - help, Shift-Dir - straight line, f/p - Crazy Yiuf
Aim: Crazy Yiuf, wielding a quarterstaff of chaos and wearing a cloak (almost dead)
The rocky blast misses Crazy Yiuf.
Crazy Yiuf hits you with a quarterstaff of chaos!
You die...

#.# # #.# # #.# #
#.# #.# #)#
#.###♣♣♣♣♣
#.#....♣.♣♣♣#####
#.@g....♣..♣#...#
#......♣♣♣♣.'.g.#
##....♣♣ ♣♣#..)#
####♣♣ #####


You could see Crazy Yiuf.

Vanquished Creatures
  An adder (D:2)
  A gnoll (D:1)
  A dart slug (D:1)
  2 leopard geckos (D:1)
  A ball python (D:1)
  3 giant cockroaches (D:1)
  4 goblins
  4 hobgoblins
  4 jackals (D:1)
  2 quokkas (D:2)
  6 bats
  2 frilled lizards (D:2)
  3 kobolds
  7 rats
41 creatures vanquished.

Notes
Turn   | Place    | Note
-------+----------+-------------------------------------------
     0 | D:1      | FitzyFitz the Vine Stalker Earth Elementalist began the quest for the Orb.
     0 | D:1      | Reached XP level 1. HP: 9/9 MP: 4/4
   600 | D:1      | Reached XP level 2. HP: 13/13 MP: 4/6
   749 | D:1      | Reached skill level 4 in Earth Magic
   762 | D:1      | Reached XP level 3. HP: 16/16 MP: 7/7
  1573 | D:2      | Found a hide-covered altar of Uskayaw.
  1574 | D:2      | Found a sacrificial altar of Ru.
  1643 | D:2      | Reached skill level 1 in Short Blades
  1643 | D:2      | Gained mutation: Your natural rate of healing is unusually fast. [Vine Stalker growth]
  1643 | D:2      | Reached XP level 4. HP: 21/21 MP: 8/8
  1670 | D:2      | Learned a level 4 spell: Petrify
  1769 | D:2      | Found a runed door.
  1774 | D:2      | Noticed Crazy Yiuf
  1882 | D:2      | Slain by Crazy Yiuf

Vault maps used:
D:1:      tarquinn_simple_flora_water_b
D:2:      gammafunk_temple_overflow_statue, uniq_crazy_yiuf_cottage

Skill      XL: |  1  2  3 |
---------------+----------+-----
Earth Magic    | 4 |  4.3
Short Blades   | 1 |  1.1
Stealth        | 3 |  3.0
Dodging        | |  1.5
Spellcasting   | |  2.1
Transmutations | |  1.1

Action                   |  1- 3 |  4- 6 || total
-------------------------+-------+-------++-------
Melee: Unarmed           |    18 |       ||    18
       Bite              |    17 |     5 ||    22
       Dagger            |    55 |    17 ||    72
 Cast: Sandblast         |    13 |     7 ||    20
 Stab: Sleeping          |     4 |       ||     4
       Distracted        |     1 |       ||     1
  Eat: Chunk             |     3 |       ||     3
Armor: Robe              |    30 |     7 ||    37
Dodge: Dodged            |    44 |     9 ||    53
